 Dungeon Crawl Stone Soup version 0.19-a0-1568-gdd01aac (webtiles) character file.

2 Amnesiac the Digger (level 1, -2/13 HPs)
             Began as a Mummy Earth Elementalist on Sept 15, 2016.
             Slain by an orc wizard
             ... wielding a +0 dagger
              (5 damage)
             ... on level 3 of the Dungeon.
             The game lasted 00:02:29 (257 turns).

Amnesiac the Digger (Mummy Earth Elementalist)       Turns: 257, Time: 00:02:30

Health: -2/13      AC:  2    Str: 11    XL:     1   Next: 33%
Magic:  0/3        EV: 12    Int: 14    God:
Gold:   45         SH:  0    Dex: 12    Spells: 1 memorised, 3 levels left

rFire  x . .     SeeInvis .     b - 38 stones
rCold  + . .     Gourm    .     c - +0 robe
rNeg   + + +     Faith    .     (no shield)
rPois  ∞         Spirit   .     (no helmet)
rElec  .         Dismiss  .     (no cloak)
rCorr  .         Reflect  .     (no gloves)
MR     ++...     Harm     .     (no boots)
Stlth  ++........               (no amulet)
                                g - ring of protection from magic (curse)
                                a - ring of protection from magic

@: very slightly contaminated
A: no food or potions, fire vulnerability, cold resistance 1, negative energy
resistance 3, torment resistance, unbreathing
a: no special abilities


You were on level 3 of the Dungeon.
You were not hungry.

You visited 1 branch of the dungeon, and saw 3 of its levels.

You collected 45 gold pieces.

Inventory:

Missiles
 b - 38 stones (in hand)
Armour
 c - a +0 robe (worn)
Jewellery
 a - a ring of protection from magic (left hand)
 g - a cursed ring of protection from magic (right hand)
Scrolls
 e - 2 scrolls of noise {unknown}
 f - 2 scrolls of fear {unknown}
Books
 d - a book of Geomancy

   Spells                             Type                      Level
   a - Sandblast                      Earth                        1
   b - Passwall                       Transmutation/Earth          2
   c - Stone Arrow                    Conjuration/Earth            3
   d - Petrify                        Transmutation/Earth          4
   e - Lee's Rapid Deconstruction     Earth                        5


   Skills:
 - Level 1.5 Dodging
 - Level 1.5 Stealth
 - Level 2.0 Spellcasting
   Level 0.7 Transmutations
 + Level 2.6 Earth Magic


You had 3 spell levels left.
You knew the following spells:

 Your Spells              Type           Power        Failure   Level  Hunger
z - Sandblast             Erth           #.....       10%         1    N/A

Dungeon Overview and Level Annotations

Branches:
Dungeon (3/15)

Altars:


Innate Abilities, Weirdness & Mutations

You do not eat or drink.
Your flesh is vulnerable to fire.
You are immune to poison.
Your flesh is cold resistant. (rC+)
You are immune to negative energy. (rN+++)
You are immune to unholy pain and torment.
You can survive without breathing.


Message History

The orc wizard points at you and mumbles some strange words.
You are confused.
You're too confused to cast spells.
You bump into the rock wall.
You bump into the rock wall.
The orc wizard closely misses you.
You bump into the rock wall.
The orc wizard hits you with a dagger!
Ouch! That really hurt!
You're too confused to move!
You feel less confused. The orc wizard hits you with a dagger.
* * * LOW HITPOINT WARNING * * *
Casting: Sandblast
Confirm with . or Enter, or press ? or * to list all spells.
Aiming: Sandblast
Press: ? - help, Shift-Dir - straight line, f/p - orc wizard
Aim: an orc wizard, wielding a dagger and wearing a robe (heavily wounded)
The rocky blast hits the orc wizard.
The orc wizard is severely wounded.
The orc wizard hits you with a dagger.
You die...

#...#...#...#
#.#...#.#.#..
#.#...#.#.#..
#...#...#...#
#.#.#.#...#.#
##.###########
#...........#.
#########.#########...
#...o@....# ###.#
#.######### #...# #.
#.### .. .. #.# ...##.
####### #.# .......#
#....)# #.#
.o..##..(###.....# #.#
..................#
#.# ...............#
##.###


You could see an orc wizard.

Vanquished Creatures
  A giant cockroach (D:3)
  A bat (D:3)
  A rat (D:3)
3 creatures vanquished.

Notes
Turn   | Place    | Note
-------+----------+-------------------------------------------
     0 | D:1      | Amnesiac the Mummy Earth Elementalist began the quest for the Orb.
     0 | D:1      | Reached XP level 1. HP: 13/13 MP: 3/3
   242 | D:3      | Noticed an orc wizard
   257 | D:3      | Slain by an orc wizard

Vault maps used:
D:1:      ldierk_walled_garden
D:2:      minmay_heptomino_w4
D:3:      overflow_temple_1_default, brannock_xom_greatest_gift, first_bread,
          portal_sewer_entry_d, minmay_misc_feat_chi, minmay_misc_feat_alley

Action                   || total
-------------------------++-------
 Cast: Sandblast         ||     7
Dodge: Dodged            ||     1
